 Dungeon Crawl Stone Soup version 0.28.0-43-g3370ac3207 (webtiles) character file.

Game seed: 6116941771418591985

150 jimonade the Caller (level 5, -1/37 HPs)
             Began as a Merfolk Summoner on Mar 11, 2022.
             Slain by a shadow imp (3 damage)
             ... summoned by Natasha
             ... on level 4 of the Dungeon.
             The game lasted 00:29:47 (4755 turns).

jimonade the Caller (Merfolk Summoner)              Turns: 4755, Time: 00:29:48

Health: -1/37      AC:  5    Str:  8    XL:     5   Next: 32%
Magic:  9/9        EV: 12    Int: 17    God:
Gold:   88         SH:  0    Dex: 14    Spells: 4/10 levels left

rFire   . . .      SeeInvis +   x - +2 flail (protect)
rCold   . . .      Faith    .   (no shield)
rNeg    . . .      Spirit   .   a - +0 robe
rPois   .          Reflect  .   h - +0 helmet
rElec   .          Harm     .   p - +0 cloak
rCorr   .          Rampage  .   (no gloves)
Will    .....                   v - +0 pair of boots
Stlth   ++........              (no amulet)
HPRegen 0.12/turn               s - ring of see invisible
MPRegen 0.11/turn               (no ring)

@: slowed, very slow
A: (nimble swimmer 2), mertail
a: no special abilities


You were on level 4 of the Dungeon.
You visited 1 branch of the dungeon, and saw 4 of its levels.

You collected 88 gold pieces.

Inventory:

Hand Weapons
 e - a +0 dagger
 f - a +0 short sword
 i - a +0 whip
 q - a +0 spear
 t - a +3 dagger
 x - a +2 flail of protection (weapon)
Missiles
 b - 70 stones
 c - 58 bolts
 d - 16 arrows
Armour
 a - a +0 robe (worn)
 h - a +0 helmet (worn)
 j - a +0 scale mail
 k - a +0 ring mail
 m - a +0 chain mail
 o - a +0 kite shield
 p - a +0 cloak (worn)
 v - a +0 pair of boots (worn)
 y - a +0 ring mail
Jewellery
 s - a ring of see invisible (left hand)
Wands
 r - a wand of acid (3)
Scrolls
 n - a scroll of brand weapon {unknown}
 u - a scroll of identify {unknown}
 w - a scroll of fear {unknown}
Potions
 l - 2 potions of attraction {unknown}


   Skills:
 * Level 1.3 Fighting
 - Level 0.8 Short Blades
 * Level 0.1 Maces & Flails
 * Level 1.0 Armour
 - Level 2.6 Dodging
 - Level 2.1 Stealth
 * Level 3.1 Spellcasting
 * Level 5.1 Summonings
 * Level 0.5 Evocations


You had 4 spell levels left.
You knew the following spells:

 Your Spells              Type           Power      Damage    Failure   Level
a - Summon Small Mammal   Summ           80%        N/A       2%          1
b - Call Imp              Summ           20%        N/A       3%          2
c - Summon Guardian Gole  Hex/Summ       11%        N/A       19%         3

Your spell library contained the following spells:

 Spells                   Type           Power      Damage    Failure   Level
 Call Canine Familiar     Summ           20%        N/A       6%          3
 Summon Lightning Spire   Summ/Air       11%        N/A       52%         4


Dungeon Overview and Level Annotations

Branches:
Dungeon (4/15)
 Temple: D:4-7

Altars:

Shops:
D:1 =

Annotations:
D:4 Natasha


Innate Abilities, Weirdness & Mutations

((You are very nimble when in or above water. (Stealth+, EV+, Speed+++)))
Your lower body shifts to a powerful aquatic tail in water.


Message History

Your centaur skeleton hits the orc.
Your centaur skeleton kicks the orc.
The orc wizard gestures at you while chanting.
You are confused.
Your kobold hits the orc with a +0 short sword.
The orc dies!
Natasha barely misses your adder.
Your adder bites the ball python.
The ball python dies!
The ogre hits your kobold with a +0 giant club!!
Your kobold dies!
Your kobold's corpse dissolves into shadows!
The shadow imp closely misses you.
Natasha casts a spell.
Your adder barely misses the ogre.
Your centaur skeleton hits the ogre.
Your centaur skeleton barely misses the ogre.
The shadow imp barely misses you.
The ogre hits your centaur skeleton with a +0 giant club!!
Your centaur skeleton is destroyed!
Your centaur skeleton dissolves into shadows!
The orc wizard closely misses you.
Your adder bites the ogre.
Natasha stares at you and mumbles some strange words.
You feel yourself slow down. The shadow imp hits you.
You feel less confused.
Your adder barely misses the ogre.
The orc wizard closely misses you. Natasha claws you!
The shadow imp grins evilly.
The shadow imp hits you.
Your adder closely misses the ogre.
The orc wizard hits you but does no damage.
The ogre hits you with a +0 giant club!
* * * LOW HITPOINT WARNING * * *
Your adder bites the ogre.
The ogre is poisoned.
Your adder poisons the ogre!
Natasha claws you.
* * * LOW HITPOINT WARNING * * *
The shadow imp barely misses you. The orc wizard casts a spell at you.
The magic dart hits you.
* * * LOW HITPOINT WARNING * * *
Your adder barely misses the ogre.
The ogre closely misses you.
Natasha casts a spell.
The shadow imp hits you.
You die...

.# #.. ##.####..
..##..##........
........<...##.#
........#......
##..#...#...... #
#......#..##..
#.##.....5...# .
##.....SO.....##.
.......oh@........
......)55o.....##.
.......?#......#
.........###...#
.........# $...#
......##.. ......
=....# .... #.....
..... #.### ...
.... ..#


You could see an ogre (very poisoned, ally target), 2 orc wizards, Natasha, a
crimson imp (summoned), a white imp (summoned), a shadow imp (summoned) and a
friendly adder (summoned).

Vanquished Creatures
  3 adders
  A worm (D:2)
  2 dart slugs
  A bat (D:2)
  An endoplasm (D:3)
  A giant cockroach (D:3)
  4 goblins
  2 hobgoblins
  A jackal (D:1)
  2 kobolds
  2 ball pythons (D:2)
  2 frilled lizards
  A rat (D:2)
23 creatures vanquished.

Vanquished Creatures (collateral kills)
  An orc priest (D:4)
  An adder (D:3)
  2 dart slugs
  2 orcs
  6 ball pythons
  4 bats
  4 endoplasms
  3 giant cockroaches
  A goblin (D:1)
  2 hobgoblins
  4 jackals
  A quokka (D:1)
  3 frilled lizards
  6 kobolds
  6 rats
46 creatures vanquished.

Grand Total: 69 creatures vanquished

Notes
Turn   | Place    | Note
-------+----------+-------------------------------------------
     0 | D:1      | jimonade the Merfolk Summoner began the quest for the Orb.
     0 | D:1      | Reached XP level 1. HP: 13/13 MP: 3/3
   281 | D:1      | Reached XP level 2. HP: 12/19 MP: 5/5
   287 | D:1      | Learned a level 2 spell: Call Imp
   688 | D:1      | Found a faded altar of an unknown god.
   735 | D:1      | Found Saseg's Jewellery Boutique.
  1843 | D:2      | Reached XP level 3. HP: 24/25 MP: 3/6
  2363 | D:2      | Learned a level 3 spell: Summon Guardian Golem
  2504 | D:2      | Reached XP level 4. HP: 31/31 MP: 7/7
  3606 | D:3      | Reached skill level 1 in Fighting
  4729 | D:4      | Reached skill level 5 in Summonings
  4729 | D:4      | Reached XP level 5. HP: 37/37 MP: 9/9
  4743 | D:4      | Noticed Natasha
  4747 | D:4      | Noticed an ogre
  4748 | D:4      | Reached skill level 1 in Armour
  4755 | D:4      | Slain by a shadow imp

Illustrated notes

Levels and vault maps discovered:
D:1:      dpeg_arrival_three_same_balls, layout_basic,
          ebering_ecumenical_altar_mist, serial_glass, glass_columns_b,
          glass_columns_a, glass_columns_a, glass_columns_a, glass_columns_a,
          serial_shops, shop
D:2:      layout_rooms
D:3:      layout_basic, grunt_ministairs_10, grunt_decor_resistance,
          minmay_liquid_box
D:4:      layout_cave_pools, grunt_temple_overflow_diamond,
          hangedman_decor_diamond_cutter, minmay_misc_feat_rows, uniq_natasha

Skill      XL: |  1  2  3  4  5 |
---------------+----------------+-----
Fighting       | 1 |  1.3
Spellcasting   | 3 |  3.1
Summonings     | 5 |  5.1
Armour         | 1 |  1.0
Short Blades   | |  0.8
Maces & Flails | |  0.1
Dodging        | |  2.6
Stealth        | |  2.1
Evocations     | |  0.5

Action                   |  1- 3 |  4- 6 || total
-------------------------+-------+-------++-------
Melee: Dagger            |    16 |     5 ||    21
       Unarmed           |     8 |       ||     8
       Short sword       |    63 |    56 ||   119
       Punch             |     3 |     1 ||     4
       Flail             |       |    13 ||    13
 Cast: Summon Small Mamm |     6 |       ||     6
       Call Imp          |    18 |    16 ||    34
       Summon Guardian G |     1 |       ||     1
  Use: Potion            |     1 |     1 ||     2
       Scroll            |       |     2 ||     2
 Stab: Distracted        |       |     2 ||     2
Armor: Robe              |    18 |    35 ||    53
Dodge: Dodged            |    87 |    71 ||   158
